 Dungeon Crawl Stone Soup version 0.31-a0-188-g5e087ee2ca (webtiles) character file.

Game seed: 9927190696250718909

608 qw the Skirmisher (level 7, -8/40 HPs)
             Began as a Deep Elf Hunter on June 23, 2023.
             Mangled by an ogre
             ... wielding a +0 giant spiked club
              (11 damage)
             ... on level 4 of the Dungeon.
             The game lasted 00:01:17 (2989 turns).

qw the Skirmisher (Deep Elf Hunter)                 Turns: 2989, Time: 00:01:17

Health: -8/40      AC:  7    Str: 16    XL:     7   Next: 19%
Magic:  9/9        EV: 12    Int: 14    God:
Gold:   138        SH:  0    Dex: 18    Spells: 6/6 levels left

rFire   + . .        Y - +1 shortbow
rCold   + . .        (shield currently unavailable)
rNeg    . . .        k - +0 ring mail
rPois   .            (no helmet)
rElec   .            g - scarf {rC+ rF+}
rCorr   .            e - +0 pair of gloves
SInv    .            n - +0 pair of boots
Will    .....        (no amulet)
Stlth   +            b - +6 ring of strength
HPRegen 0.26/turn    (no ring)
MPRegen 0.11/turn

%: no passive effects
@: no status effects
A: no striking features
a: no special abilities


You were on level 4 of the Dungeon.
You visited 1 branch of the dungeon, and saw 4 of its levels.

You collected 138 gold pieces.


   Skills:
 - Level 2.0 Fighting
 + Level 10.4 Ranged Weapons
 - Level 1.3 Armour
 - Level 3.9 Dodging
 - Level 1.2 Stealth


You had 6 spell levels left.
You didn't know any spells.
Your spell library was empty.

Inventory:

Hand Weapons
 Y - a +1 shortbow (weapon)
Armour
 e - a +0 pair of gloves (worn)
 g - a scarf of resistance (worn)
 k - a +0 ring mail (worn)
 n - a +0 pair of boots (worn)
Jewellery
 a - a ring of ice
 b - a +6 ring of strength (left hand)
Scrolls
 f - a scroll of identify
Potions
 c - a potion of mutation {unknown}
 d - 3 potions of curing
 h - a potion of cancellation {unknown}
 i - a potion of haste {unknown}
 m - a potion of enlightenment

Dungeon Overview and Level Annotations

Branches:
Dungeon (4/15)
 Temple: D:4-7

Altars:

Annotations:
D:1 1 runed translucent door


Message History

You now have 138 gold pieces (gained 17).
An ogre comes into view. It is wielding a +0 giant spiked club.
Enter note:
Enter note:
Enter note:
Enter note:
Enter note:
Enter note:
Enter note:
Enter note:
Enter note:
Enter note:
Enter note: You shoot an arrow.
The arrow completely misses the ogre.
You shoot an arrow. The arrow hits the ogre.
The ogre is moderately wounded.
You shoot an arrow. The arrow hits the ogre.
The ogre is moderately wounded.
The ogre barely misses you.
You shoot an arrow. The arrow closely misses the ogre.
You shoot an arrow. The arrow hits the ogre.
The ogre is heavily wounded.
The ogre misses you.
You shoot an arrow. The arrow closely misses the ogre.
The ogre barely misses you.
You shoot an arrow. The arrow hits the ogre.
The ogre is heavily wounded.
You shoot an arrow. The arrow hits the ogre.
The ogre is severely wounded.
The ogre hits you with a +0 giant spiked club!
You shoot an arrow. The arrow hits the ogre.
The ogre is almost dead.
You shoot an arrow. The arrow hits the ogre.
The ogre is almost dead.
The ogre hits you with a +0 giant spiked club!!
Ouch! That really hurt!
You shoot an arrow. The arrow hits the ogre.
The ogre is almost dead.
The ogre hits you with a +0 giant spiked club!
You die...

#.............#
#..###........#
##..# ####....##
#..## #....#
##..### ##...#
#.....### #...#
#........# ##..##
##..##......##...#
#$@##
####.......##
#..O# ######...#
#..... ##..#
####...# #...
#.... ##.. ##...
#.. ##. ##. #. ...


You could see an ogre.

Vanquished Creatures
  2 phantoms (D:4)
  2 scorpions
  3 orc priests
  3 iguanas (D:4)
  An orc wizard (D:3)
  5 adders
  A dart slug (D:1)
  13 orcs
  8 ball pythons
  6 endoplasms
  A giant cockroach (D:2)
  10 hobgoblins
  A jackal (D:1)
  6 kobolds
  6 quokkas
  10 bats
  3 frilled lizards
  9 goblins
  9 rats
99 creatures vanquished.

Notes
Turn   | Place    | Note
-------+----------+-------------------------------------------
     0 | D:1      | qw the Deep Elf Hunter began the quest for the Orb.
     0 | D:1      | Reached XP level 1. HP: 12/12 MP: 3/3
     0 | D:1      | 0 ||| qw: Version: 0.3-a-9-g12657ce
     0 | D:1      | 0 ||| qw: Game counter: 4338
     0 | D:1      | 0 ||| qw: Always use a shield: true
     0 | D:1      | 0 ||| qw: God list: Okawaru
     0 | D:1      | 0 ||| qw: Allow faded altars: false
     0 | D:1      | 0 ||| qw: Do Orc after D:15 true
     0 | D:1      | 0 ||| qw: Do second Lair branch before Depths: true
     0 | D:1      | 0 ||| qw: Lair rune preference: random
     0 | D:1      | 0 ||| qw: Plans: Normal
     0 | D:1      | 0 ||| PLANNING D:1-11
     1 | D:1      | Found a runed translucent door.
   125 | D:1      | Reached XP level 2. HP: 15/16 MP: 4/4
   157 | D:1      | Reached skill level 6 in Ranged Weapons
   309 | D:1      | Found a faded altar of an unknown god.
   537 | D:1      | Reached XP level 3. HP: 19/20 MP: 5/5
   734 | D:1      | 734 ||| UPGRADING to +0 pair of gloves.
   739 | D:1      | 739 ||| UPGRADING to +0 ring mail.
   749 | D:1      | 749 ||| DROPPING +0 leather armour.
   750 | D:1      | 750 ||| UPGRADING to +0 pair of boots.
   755 | D:1      | 755 ||| READING scroll labelled TANE JISEFINT.
   793 | D:1      | 793 ||| READING 4 scrolls labelled LANLEBR GUDU.
   794 | D:1      | 794 ||| READING scroll labelled DIXUONL CIURIX.
   795 | D:1      | 795 ||| READING scroll labelled NUVA ZALAKHLERCH.
   796 | D:1      | 796 ||| READING scroll labelled OSKAQE VIEH.
   797 | D:1      | 797 ||| READING scroll labelled BINOOF ITHEIDWY.
   798 | D:1      | 798 ||| READING scroll labelled IZUABOI OBIBO.
   799 | D:1      | 799 ||| READING 3 scrolls of identify.
   799 | D:1      | 799 ||| IDENTIFYING pink potion
   800 | D:1      | 800 ||| DROPPING scroll of butterflies.
   971 | D:2      | Reached skill level 7 in Ranged Weapons
  1191 | D:2      | Reached XP level 4. HP: 25/25 MP: 6/6
  1463 | D:2      | 1463 ||| UPGRADING to +6 ring of strength.
  1464 | D:2      | 1464 ||| READING scroll labelled DUYHUF FECOO.
  1465 | D:2      | 1465 ||| DRINKING 4 metallic red potions.
  1466 | D:2      | 1466 ||| READING 2 scrolls of identify.
  1466 | D:2      | 1466 ||| IDENTIFYING red potion
  1467 | D:2      | 1467 ||| DROPPING potion of berserk rage.
  1552 | D:3      | Reached skill level 8 in Ranged Weapons
  1558 | D:3      | Reached XP level 5. HP: 29/29 MP: 7/7
  1731 | D:3      | Reached skill level 9 in Ranged Weapons
  1738 | D:3      | HP: 7/29 [orc/+0 hand axe (4)]
  1844 | D:3      | 1844 ||| FLEEEEING.
  1845 | D:3      | 1845 ||| FLEEEEING.
  1846 | D:3      | 1846 ||| FLEEEEING.
  1857 | D:3      | 1857 ||| FLEEEEING.
  1858 | D:3      | 1858 ||| FLEEEEING.
  1859 | D:3      | 1859 ||| FLEEEEING.
  1955 | D:3      | Reached XP level 6. HP: 35/35 MP: 8/8
  2215 | D:3      | 2215 ||| UPGRADING to scarf of resistance.
  2220 | D:3      | 2220 ||| READING 2 scrolls of identify.
  2220 | D:3      | 2220 ||| IDENTIFYING murky cyan potion
  2221 | D:3      | 2221 ||| DROPPING potion of brilliance.
  2320 | D:4      | Reached skill level 3 in Dodging
  2394 | D:4      | Reached skill level 1 in Armour
  2539 | D:4      | Reached skill level 10 in Ranged Weapons
  2539 | D:4      | Reached XP level 7. HP: 19/40 MP: 9/9
  2988 | D:4      | HP: 3/40 [ogre/+0 giant spiked club (25)]
  2989 | D:4      | Mangled by an ogre

Levels and vault maps discovered:
D:1:      dpeg_arrival_caged_fury, layout_basic,
          hellmonk_ecumenical_altar_run_dry, st_stairs_8, hex_medium,
          minmay_circled_x
D:2:      layout_loops_ring
D:3:      layout_loops_ring
D:4:      layout_cave_pods, minmay_temple_entry_poolview, minmay_cupped

Skill      XL: |  1  2  3  4  5  6 |
---------------+-------------------+-----
Ranged Weapons | 6 7 8 9 10 | 10.4
Fighting       | 2 |  2.0
Dodging        | 3 |  3.9
Armour         | 1 |  1.3
Stealth        | |  1.2

Action                     |  1- 3 |  4- 6 |  7- 9 || total
---------------------------+-------+-------+-------++-------
   Fire: Shortbow          |   106 |   159 |    32 ||   297
    Use: Scroll            |     8 |     3 |       ||    11
         Potion            |       |     1 |       ||     1
 Armour: Leather armour    |     5 |       |       ||     5
         Ring mail         |       |    18 |     5 ||    23
  Dodge: Dodged            |    22 |    39 |     5 ||    66

Table legend:
 A = Non-vault XP
 B = Vault XP
 C = Vault XP percentage of total XP
 D = Non-vault monster count
 E = Vault monster count
 F = Vault count percentage of total count
                 A         B        C        D         E       F
            +---------+---------+-------+---------+---------+-------
      Total |     785 |      84 |   9.7 |      91 |       8 |   8.1
            +---------+---------+-------+---------+---------+-------
        D:1 |      40 |       6 |  13.0 |      24 |       5 |  17.2
        D:2 |      72 |       0 |   0.0 |      23 |       0 |   0.0
        D:3 |     283 |       0 |   0.0 |      32 |       0 |   0.0
        D:4 |     390 |      78 |  16.7 |      12 |       3 |  20.0
            +---------+---------+-------+---------+---------+-------
